AoeStats
← [NICE_ASS] BigMasi

Arabian Desert

510133770Analyzed
1v1 RM · 2d ago on Sep 29, 2026· 29m 3s· 2 players
Game mode
Random Map
Map size
Tiny (2 player)
Population
200
Speed
Normal
Resources
Standard
Victory
Conquest
Starting age
Dark Age
Ending age
Imperial Age
RankedLock teamsTeams togetherTeam positionsShared explorationLock speedFull tech treeHidden civsTurbo modeCheats
Victory
Defeat
🇨🇭 Wu · Switzerland
1308
+17
🇧🇷 Ethiopians · Brazil
1329
-17
[NICE_ASS] BigMasi
7:59 Loom
10:54 Feudal Age
16:06 Castle Age
18:33 Squires
20:50 Double-Bit Axe
22:08 Scale Mail Armor
24:15 Chain Mail Armor
24:10 Forging
24:57 Arson
Acey
7:47 Loom
10:15 Feudal Age
14:27 Fletching
20:38 Castle Age
19:03 Man-at-Arms
20:40 Scale Mail Armor
20:50 Forging
20:44 Crossbowman
21:19 Bodkin Arrow
22:15 Squires
22:07 Horse Collar
24:41 Scale Mail Armor
Connection lost

Rejoining the realm…

Still unreachable

The connection could not be restored.

Session expired

The server has moved on; the page needs a fresh start.